 Dungeon Crawl Stone Soup version 0.32-a0-43-g058985b245 (webtiles) character file.

Game seed: 3773297937374774928

1117 Drazool the Grappler (level 8, -2/70 (72) HPs)
             Began as a Naga Shapeshifter on Feb 5, 2024.
             Was a Believer of Ru.
             Killed by a malign offering
             ... invoked by a burial acolyte
              (13 damage)
             ... in an ossuary.
             The game lasted 00:20:05 (4717 turns).

Drazool the Grappler (Naga Shapeshifter)            Turns: 4717, Time: 00:20:06

HP:   -2/70 (72)    AC:  3    Str: 16    XL:     8   Next: 34%
MP:   8/8           EV: 10    Int: 12    God:    Ru [**....]
Gold: 203           SH:  0    Dex: 12    Spells: 7/7 levels left

rFire   . .          .
                       - Unarmed
rCold   . . .        (no shield)
rNeg    . . .        a - +0 animal skin
rPois   +            (helmet currently unavailable)
rElec   .            (cloak currently unavailable)
rCorr   .            (gloves currently unavailable)
SInv    +            (no barding)
Will    +....        t - amulet of regeneration
Stlth   ++           (no ring)
HPRegen 1.11/turn    (no ring)
MPRegen 0.11/turn

%: no passive effects
@: beast-form, lightly drained, very slow
A: beast (slay +1), AC +2, large, see invisible, deformed body, poison
resistance, slowness 2, spit poison 1, inability to use devices, naga tail 1
a: Spit Poison, Begin Untransformation, Renounce Religion


You were in an ossuary.
You worshipped Ru.
Ru was pleased with you.
You were a hulking beast.
You visited 2 branches of the dungeon, and saw 7 of its levels.
You also visited: Ossuary.

You collected 203 gold pieces.


Innate Abilities, Weirdness & Mutations

You are a hulking beast.
Your limbs bulge with bestial killing power. (Slay +1)
Your serpentine skin is tough. (AC +2)
You have supernaturally acute eyesight. (SInv)
Armour fits poorly on your strangely shaped body.
Your system is resistant to poisons. (rPois)
You cover ground very slowly.
You can spit poison.
You cannot study or use magical devices.
You have a snake-like lower body.


   Skills:
 - Level 4.0 Fighting
 + Level 2.0 Dodging
 - Level 4.0 Stealth
 - Level 8.0 Unarmed Combat
   Level 0.0 Evocations
 - Level 3.0 Shapeshifting


You had 7 spell levels left.
You didn't know any spells.
Your spell library contained the following spells:

 Spells                   Type           Power      Damage    Failure   Level
 Mercury Vapours          Alch/Air       0%         N/A       45%         2
 Hailstorm                Conj/Ice       0%         3d5       69%         3
 Mephitic Cloud           Conj/Alch/Air  0%         N/A       69%         3
 Freezing Cloud           Conj/Ice/Air   0%         6-21      100%        5
 Metabolic Englaciation   Hex/Ice        0%         N/A       100%        5

Inventory:

Missiles
 i - 4 poisoned darts
Armour
 a - a +0 animal skin (worn)
 g - a +0 helmet
Jewellery
 t - an amulet of regeneration (around neck)
 Z - a ring of wizardry
Talismans
 c - a beast talisman
 d - a flux talisman
Wands
 v - a wand of quicksilver (10)
Scrolls
 b - a scroll of poison
 h - a scroll of revelation
 m - 3 scrolls of teleportation {@r2}
 o - a scroll of fear
 y - 2 scrolls of amnesia
 z - a scroll of immolation {unknown}
 B - a scroll of silence {unknown}
Potions
 e - 2 potions of mutation
 f - a potion of degeneration {unknown}
 j - 2 potions of attraction
 k - a potion of brilliance {unknown}
 l - a potion of cancellation {unknown}
 n - a potion of heal wounds {unknown}
 p - a potion of lignification
 q - a potion of curing {unknown}
 r - a potion of ambrosia {unknown}
 u - a potion of berserk rage {unknown}
 w - a potion of haste {unknown}
 x - 2 potions of might

Dungeon Overview and Level Annotations

Branches:
Dungeon (6/15)             Temple (1/1) D:5         Ossuary (1/1)

Altars:
Ashenzari
Cheibriados
Elyvilon
Fedhas
Gozag
Hepliaklqana
Kikubaaqudgha
Makhleb
Nemelex Xobeh
Qazlal
Ru
Uskayaw
Vehumet
Wu Jian
Yredelemnul
Zin
The Shining One

Shops:
D:5 ?

Annotations:
D:3 2 runed translucent doors, cforsyth's ghost, amateur DjWr
D:4 3 runed translucent doors, whatisthis's ghost, amateur GnRe

▒.....▒ ▒▒▒.▒▒▒
▒.▒ ▒'▒ ▒.▒
▒▒▒.▒▒▒ ▒z▒.▒z▒
▒▒▒.▒▒▒ ▒▒▒▒ ♣h♣
▒▒▒▒▒
♣....▒▒'▒▒....♣▒
...............▒
..▒♣▒.▒▒▒p▒♣▒..▒
♣.♣z♣z♣ ..▒
.'♣▒.▒▒▒.▒♣'..▒
.......§z.)..▒
.............▒
.▒♣▒.???.▒♣▒.▒


You could see a burial acolyte and a wight.


Message History

You feel drained. The wight freezes you.
The wight hits you from afar with a +1 spear of freezing!
The wight freezes you.
* * * LOW HITPOINT WARNING * * *
The wight no longer looks unusually strong.
The wight is no longer moving quickly.
The wight hits you with a +1 spear of freezing!
* * * LOW HITPOINT WARNING * * *
The wight freezes you.
* * * LOW HITPOINT WARNING * * *
You hit the wight but do no damage.
The burial acolyte hits you with a +0 dagger.
* * * LOW HITPOINT WARNING * * *
The wight misses you.
You hit the wight but do no damage.
The burial acolyte hits you with a +0 dagger.
* * * LOW HITPOINT WARNING * * *
The wight hits you with a +1 spear of freezing!
* * * LOW HITPOINT WARNING * * *
The wight freezes you.
* * * LOW HITPOINT WARNING * * *
Okay, then.
Blink to where?
Press: ? - help, Dir - move target
As you read the scroll of blinking, it crumbles to dust.
You redirect the burial acolyte's attack!
There is an open door here.
The burial acolyte utters a dark prayer and points at you.
Your life force is offered up.
You die...

Skill      XL: |  1  2  3  4  5  6  7  8 |
---------------+-------------------------+-----
Stealth        | 2 4 |  4.0
Unarmed Combat | 4 5 7 8 |  8.0
Fighting       | 4 |  4.0
Evocations     | 2 0 |  0.0
Dodging        | 2 |  2.0
Shapeshifting  | |  3.0

Action                     |  1- 3 |  4- 6 |  7- 9 || total
---------------------------+-------+-------+-------++-------
  Melee: Unarmed           |    45 |   114 |    69 ||   228
         Punch             |       |     5 |     2 ||     7
 Invoke: Sacrifice Artific |       |       |     1 ||     1
Ability: Spit Poison       |    23 |    61 |    11 ||    95
  Evoke: Wand              |       |       |     2 ||     2
    Use: Scroll            |     4 |     7 |     3 ||    14
         Potion            |     1 |       |       ||     1
   Stab: Sleeping          |       |       |     2 ||     2
 Armour: Animal skin       |    41 |    81 |    45 ||   167
         Skin              |     2 |       |       ||     2
  Dodge: Dodged            |    28 |    54 |    22 ||   104

Levels and vault maps discovered:
D:1:      onia_arrival_mini_spirals, layout_basic
D:2:      layout_loops_corners, uniq_natasha
D:3:      layout_basic, ebering_ghost_sewer_f
D:4:      layout_cave_pools, gammafunk_ghost_necromancy
D:5:      kennysheep_six_static_rooms, layout_gridville,
          minmay_temple_entry_slanted, serial_shops, shop
D:6:      layout_layer_cave, enter_ossuary_2, uniq_sigmund
Temple:   minmay_temple_bridge_d
Ossuary:  ossuary_due_cavern

Notes
Turn   | Place    | Note
-------+----------+-------------------------------------------
     0 | D:1      | Drazool the Naga Shapeshifter began the quest for the Orb.
     0 | D:1      | Reached XP level 1. HP: 18/18 MP: 1/1
   145 | D:1      | Reached skill level 1 in Stealth
   262 | D:1      | Reached skill level 2 in Stealth
   319 | D:1      | Reached XP level 2. HP: 25/25 MP: 2/2
   329 | D:1      | Reached skill level 3 in Stealth
   373 | D:1      | Reached skill level 4 in Stealth
   490 | D:1      | Reached XP level 3. HP: 31/31 MP: 3/3
   674 | D:2      | Identified a scroll of acquirement
   677 | D:2      | Acquired the +1 ring mail "Wuczyrin" {rF+ rN+ Regen+ rCorr}
   724 | D:2      | Noticed Natasha
   731 | D:2      | Killed Natasha
   732 | D:2      | Reached XP level 4. HP: 10/38 MP: 4/4
   897 | D:2      | Reached skill level 4 in Unarmed Combat
   976 | D:2      | Noticed Natasha
   981 | D:2      | Killed Natasha
  1607 | D:2      | Noticed Natasha
  1698 | D:2      | Killed Natasha
  1699 | D:2      | Reached XP level 5. HP: 30/44 MP: 5/5
  1834 | D:3      | Reached skill level 5 in Unarmed Combat
  1982 | D:3      | Found a runed translucent door.
  1983 | D:3      | Noticed cforsyth's ghost (amateur DjWr)
  2540 | D:3      | Found a runed translucent door.
  2720 | D:4      | Found a runed translucent gate.
  2841 | D:4      | Found a runed translucent gate.
  2841 | D:4      | Found a runed translucent gate.
  2973 | D:4      | Reached XP level 6. HP: 51/51 MP: 6/6
  2987 | D:4      | Reached skill level 6 in Unarmed Combat
  3243 | D:4      | Noticed whatisthis's ghost (amateur GnRe)
  3267 | D:5      | Entered Level 5 of the Dungeon
  3480 | D:5      | Got the Almanac of the Chill
  3488 | D:5      | Found Sacow's Magic Scroll Boutique.
  3551 | D:5      | Found a staircase to the Ecumenical Temple.
  3573 | Temple   | Entered the Ecumenical Temple
  3643 | Temple   | Became a worshipper of Ru the Awakened
  3727 | D:5      | Noticed a black bear
  3739 | D:5      | Killed a black bear
  3740 | D:5      | Reached skill level 7 in Unarmed Combat
  3740 | D:5      | Reached XP level 7. HP: 44/57 MP: 7/7
  3888 | D:5      | Reached skill level 2 in Fighting
  3922 | D:5      | Reached skill level 3 in Fighting
  4156 | D:5      | Reached skill level 4 in Fighting
  4283 | D:6      | Noticed Sigmund
  4285 | D:6      | Killed Sigmund
  4286 | D:6      | Reached skill level 8 in Unarmed Combat
  4286 | D:6      | Reached skill level 2 in Evocations
  4286 | D:6      | Reached XP level 8. HP: 72/72 MP: 8/8
  4549 | D:6      | Found a sand-covered staircase.
  4554 | Ossuary  | Entered an ossuary
  4636 | Ossuary  | Reached skill level 3 in Evocations
  4699 | Ossuary  | Gained mutation: You cannot study or use magical devices.
                  | [Ru sacrifice]
  4699 | Ossuary  | Reduced skill Evocations to level 0
  4699 | Ossuary  | Reached * piety under Ru
  4699 | Ossuary  | Reached ** piety under Ru
  4710 | Ossuary  | Reached skill level 2 in Dodging
  4713 | Ossuary  | HP: 5/70 [wight/+1 spear of freezing (4)]
  4717 | Ossuary  | Killed from afar by a burial acolyte

Vanquished Creatures
  Sigmund (D:6)
  A black bear (D:5)
  A phantom (D:5)
  A kobold brigand (D:5)
  A bullfrog (D:6)
  4 scorpions
  A wight (Ossuary)
  A centaur skeleton (Ossuary)
  An orc wizard (D:4)
  A sleepcap (D:5)
  Natasha (thrice) (D:2)
  An iguana (D:5)
  2 adders (D:5)
  7 gnolls
  A white imp (D:5)
  An adder skeleton (Ossuary)
  2 ribbon worms
  5 dart slugs
  5 orcs
  4 ball pythons
  5 bats
  6 endoplasms
  5 giant cockroaches
  6 goblins
  3 hobgoblins
  2 jackals (D:4)
  6 quokkas
  3 ball python skeletons (Ossuary)
  2 frilled lizards (D:1)
  2 hobgoblin skeletons (Ossuary)
  10 kobolds
  A kobold skeleton (Ossuary)
  2 orc skeletons (Ossuary)
  5 rats
102 creatures vanquished.

Table legend: (Time is in decaauts)
 A = Elapsed time spent in this place.
 B = Non-inter-level travel time spent in this place.
 C = Inter-level travel time spent in this place.
 D = Time resting spent in this place.
 E = Time spent auto-exploring this place.
 F = Levels seen in this place.
 G = Mean time per level.
                   A        B        C        D        E       F      G
               +--------+--------+--------+--------+--------+-----+--------+
         Total |   6154 |   5745 |    409 |    191 |   4412 |   8 |  769.2 |
       Dungeon |   5753 |   5539 |    214 |    191 |   4292 |   6 |  958.8 |
        Temple |    195 |      1 |    194 |      0 |      0 |   1 |  195.0 |
       Ossuary |    205 |    205 |      0 |      0 |    119 |   1 |  205.0 |
               +--------+--------+--------+--------+--------+-----+--------+

Top non-repeatable levels by time:
     D:2: 1392 daAuts
     D:3: 1320 daAuts
     D:5: 1126 daAuts
     D:1: 874 daAuts
     D:4: 658 daAuts
     D:6: 380 daAuts
 Ossuary: 205 daAuts
  Temple: 195 daAuts

Table legend:
 A = Non-vault XP
 B = Vault XP
 C = Vault XP percentage of total XP
 D = Non-vault monster count
 E = Vault monster count
 F = Vault count percentage of total count
                 A         B        C        D         E       F
            +---------+---------+-------+---------+---------+-------
      Total |     987 |     609 |  38.2 |      83 |      19 |  18.6
            +---------+---------+-------+---------+---------+-------
        D:1 |      46 |       0 |   0.0 |      19 |       0 |   0.0
        D:2 |      98 |      35 |  26.3 |      17 |       1 |   5.6
        D:3 |     122 |       0 |   0.0 |      22 |       0 |   0.0
        D:4 |     147 |       0 |   0.0 |      13 |       0 |   0.0
        D:5 |     483 |     219 |  31.2 |       9 |       6 |  40.0
        D:6 |      91 |     226 |  71.3 |       3 |       1 |  25.0
    Ossuary |       0 |     129 | 100.0 |       0 |      11 | 100.0
            +---------+---------+-------+---------+---------+-------
